 Dungeon Crawl Stone Soup version 0.20.1-1-g8b1a95d66d (webtiles) character file.

14166 Gargoyl the Cleaver (level 11, -3/82 HPs)
             Began as a Centaur Abyssal Knight on Nov 27, 2017.
             Was a High Priest of Lugonu.
             Slain by a komodo dragon (21 damage)
             ... on level 2 of the Lair of Beasts.
             The game lasted 00:23:49 (13324 turns).

Gargoyl the Cleaver (Centaur Abyssal Knight)       Turns: 13324, Time: 00:23:50

Health: -3/82      AC: 31    Str: 18      XL:     11   Next: 85%
Magic:  18/18      EV:  2    Int: 14      God:    Lugonu [*****.]
Gold:   552        SH: 10    Dex:  8 (11) Spells: 10/10 levels left

rFire    + . .     SeeInvis .   x - +4 war axe
rCold    . . .     Gourm    .   p - +1 shield
rNeg     . . .     Faith    .   E - +5 chain mail "Kiasch" {rElec rF+ Str+2}
rPois    .         Spirit   .   h - +2 helmet
rElec    +         Reflect  .   z - +0 cloak (curse)
rCorr    .         Harm     .   F - +0 pair of gloves
MR       .....                  e - +4 centaur barding {Fly}
Stlth    ..........             (no amulet)
Regen    0.3/turn               w - +3 ring of intelligence
MPRegen  0.2/turn               H - ring of flight (curse)

@: flying, slowed
A: hooves 3, yellow scales 1, deformed body, deterioration 1, speed 2, frail 1,
screaming 1, tough skin 3
a: Depart the Abyss, Bend Space, Banish, Corrupt, Enter the Abyss, Renounce
Religion, Stop Flying


You were on level 2 of the Lair of Beasts.
You worshipped Lugonu.
Lugonu was extremely pleased with you.
You were hungry.

You visited 2 branches of the dungeon, and saw 11 of its levels.
You visited the Abyss 1 time.

You collected 552 gold pieces.

Inventory:

Hand Weapons
 a - a +1 hand axe
 x - a +4 war axe (weapon)
Missiles
 i - 8 javelins of returning (quivered)
Armour
 e - a +4 centaur barding of flying (worn)
 h - a +2 helmet (worn)
 p - a +1 shield (worn)
 z - a cursed +0 cloak (worn)
 E - the +5 chain mail "Kiasch" (worn) {rElec rF+ Str+2}
   (You found it on level 8 of the Dungeon)

   It affects your strength (+2).
   It protects you from fire.
   It insulates you from electricity.
 F - a +0 pair of gloves (worn)
Jewellery
 w - a +3 ring of intelligence (left hand)
 H - a cursed ring of flight (right hand)
Wands
 m - a wand of flame (13/48)
 r - a wand of digging (24/24)
 v - a wand of enslavement (13/24)
 y - a wand of random effects (2/48)
 J - a wand of random effects (29/48)
 K - a wand of acid (7/15)
 O - a wand of paralysis (14/24)
Scrolls
 b - a scroll of identify
 c - 3 scrolls of teleportation
 g - 5 scrolls of fear
 l - a scroll of fog
 n - 2 scrolls of blinking
 D - a scroll of summoning
 G - 2 scrolls of remove curse
 I - a scroll of magic mapping
Potions
 d - a potion of magic
 j - 3 potions of agility
 k - 4 potions of flight
 o - a potion of berserk rage
 s - a potion of might
 t - 4 potions of cancellation
 N - a potion of heal wounds
Books
 f - a book of Air

   Spells                             Type                      Level
   a - Shock                          Conjuration/Air              1
   b - Swiftness                      Charms/Air                   2
   c - Static Discharge               Conjuration/Air              3
   d - Airstrike                      Air                          4
   e - Lightning Bolt                 Conjuration/Air              5
 M - a book of Misfortune

   Spells                             Type                      Level
   a - Confusing Touch                Hexes                        1
   b - Confuse                        Hexes                        3
   c - Gell's Gravitas                Translocation                3
   d - Petrify                        Transmutation/Earth          4
   e - Metabolic Englaciation         Hexes/Ice                    5
   f - Yara's Violent Unravelling     Hexes/Transmutation          5
Comestibles
 u - 5 meat rations
 A - 7 fruits
 B - 3 royal jellies
 C - 2 bread rations


   Skills:
 + Level 7.3 Fighting
 + Level 10.5 Axes
 + Level 0.2 Throwing
 * Level 7.3 Armour
 + Level 1.6 Dodging
 + Level 4.8 Shields
 * Level 9.4 Invocations


You had 10 spell levels left.
You didn't know any spells.

Dungeon Overview and Level Annotations

Branches:
Dungeon (9/15)             Temple (0/1) D:4            Lair (2/6) D:9
  Swamp: Lair:2-4    Shoals: Lair:2-4     Snake: Lair:2-4    Spider: Lair:2-4
    Orc: D:9-12

Altars:
Cheibriados
Dithmenos
Elyvilon
Gozag
Kikubaaqudgha
Trog
Vehumet
Yredelemnul
The Shining One

Shops:
D:4 [   D:5 [   D:9 [


Innate Abilities, Weirdness & Mutations

You have hooves in place of feet.
Armour fits poorly on your strangely shaped body.
You cover ground very quickly.
You have extremely tough skin. (AC +3)
You are partially covered in yellow scales. (AC +2)
Your body sometimes deteriorates upon taking damage.
You are frail. (-10% HP)
You occasionally shout uncontrollably at your foes.


Message History

The torpor snail is almost dead.
You barely miss the komodo dragon. You completely miss the yak.
You slash the yak! The yak gores you but does no damage.
The komodo dragon bites you but does no damage.
You block the yak's attack. The torpor snail bites you!
Your body deteriorates!
You feel clumsy. The komodo dragon bites you!
* * * LOW HITPOINT WARNING * * *
You block the yak's attack.
You slash the torpor snail!
You kick the torpor snail, but do no damage.
The torpor snail is almost dead.
You hit the komodo dragon but do no damage.
You hit the yak. You slash the yak!
You kill the yak!
Lugonu accepts your kill. You block the yak's attack.
The torpor snail bites you but does no damage.
The komodo dragon bites you!!
You die...

###### ### #.##^#
###
###P.####....####P##
##
......#........#...#
#.
...................#
##
.........##.......##
.......@#.##......#
......Ylw#######.P#
..........# #..##
..........# #.#.#
..........P ##..##
...........# #..##
..........## ##..#
..........# #...#
##>##


You could see a torpor snail, a komodo dragon and a yak.

Vanquished Creatures
  2 two-headed ogres
  Pikel (D:6)
  2 oklob plants (Lair:1)
  5 spiny frogs
  A komodo dragon (Lair:2)
  A troll (D:9)
  Grinder (D:4)
  4 hippogriffs
  Sigmund (D:5)
  14 yaks
  2 basilisks (Lair:1)
  A steam dragon (D:9)
  A water moccasin (Lair:2)
  2 porcupines (Lair:2)
  6 orc warriors
  3 ice beasts
  A sky beast (D:6)
  2 necrophages
  11 wolves
  6 centaurs
  A phantom (D:8)
  4 ogres
  A crocodile (Lair:2)
  2 big kobolds (D:9)
  3 bullfrogs
  2 gnoll sergeants
  A wyvern skeleton (D:7)
  2 scorpions
  2 howler monkeys (D:9)
  2 crimson imps
  3 jellies
  2 centaur skeletons
  2 orc priests (D:9)
  2 hounds
  3 iguanas
  Terence (D:3)
  4 worker ants
  9 orc wizards
  A hound skeleton (D:4)
  A howler monkey zombie (D:5)
  A worker ant zombie (D:8)
  7 gnolls
  8 adders
  3 shadow imps
  2 oozes
  2 adder zombies
  An adder skeleton (D:9)
  4 worms
  3 dart slugs
  6 leopard geckos
  34 orcs
  5 giant cockroaches
  12 goblins
  9 hobgoblins
  23 jackals
  4 quokkas
  3 ball pythons
  2 bats (D:3)
  5 frilled lizards
  A giant cockroach zombie (D:5)
  17 kobolds
  A leopard gecko skeleton (D:5)
  5 rats
  A plant (Lair:1)
274 creatures vanquished.

Vanquished Creatures (others)
  2 hydras
  2 oklob plants (Lair:1)
  A hornet (D:6)
  A slave (D:6)
  A centaur (D:6)
  A jelly (D:6)
  2 orc wizards
  A fungus (Lair:1)
  3 plants (Lair:1)
14 creatures vanquished.

Grand Total: 288 creatures vanquished

Notes
Turn   | Place    | Note
-------+----------+-------------------------------------------
     0 | Abyss:1  | Gargoyl the Centaur Abyssal Knight began the quest for the Orb.
     0 | Abyss:1  | Reached XP level 1. HP: 19/19 MP: 2/2
    49 | Abyss:1  | Noticed a small abomination
   129 | Abyss:2  | Noticed a neqoxec
   130 | D:1      | Escaped the Abyss
   248 | D:1      | Reached * piety under Lugonu
   248 | D:1      | Reached XP level 2. HP: 26/26 MP: 3/3
   543 | D:1      | Reached skill level 2 in Axes
   916 | D:2      | Identified a scroll of acquirement
   970 | D:2      | Reached XP level 3. HP: 28/31 MP: 4/4
  1473 | D:2      | Found a white marble altar of Elyvilon.
  1772 | D:2      | Found a basalt altar of Yredelemnul.
  1894 | D:3      | Noticed an orc warrior
  1944 | D:2      | Reached XP level 4. HP: 10/38 MP: 5/5
  2519 | D:3      | Reached ** piety under Lugonu
  2580 | D:3      | Reached skill level 1 in Dodging
  2601 | D:3      | Reached XP level 5. HP: 37/45 MP: 7/7
  2669 | D:3      | Noticed Terence
  2676 | D:3      | Killed Terence
  2676 | D:3      | Reached skill level 3 in Axes
  3246 | D:4      | Found a staircase to the Ecumenical Temple.
  3306 | D:4      | Reached XP level 6. HP: 24/52 MP: 8/8
  3641 | D:4      | Found Heapsikh's Antique Armour Boutique.
  3907 | D:4      | Noticed Grinder
  3923 | D:4      | Paralysed by Grinder for 4 turns
  3936 | D:4      | Killed Grinder
  3936 | D:4      | Reached skill level 4 in Axes
  4096 | D:5      | Entered Level 5 of the Dungeon
  4116 | D:5      | Reached XP level 7. HP: 49/59 MP: 9/9
  4179 | D:5      | Reached *** piety under Lugonu
  4460 | D:5      | Found Milaed Xitu's Antique Armour Emporium.
  4512 | D:5      | Found an opulent altar of Gozag.
  4658 | D:5      | Reached skill level 5 in Axes
  4658 | D:5      | Reached skill level 1 in Shields
  4784 | D:5      | Noticed Sigmund
  4816 | D:5      | Killed Sigmund
  4816 | D:5      | Reached XP level 8. HP: 67/67 MP: 11/11
  5076 | D:5      | Found an ancient bone altar of Kikubaaqudgha.
  5076 | D:5      | Found a bloodstained altar of Trog.
  5108 | D:6      | Found a glowing golden altar of the Shining One.
  5587 | D:6      | Noticed Pikel
  5615 | D:6      | Killed Pikel
  5615 | D:6      | Reached skill level 5 in Fighting
  5615 | D:6      | Reached skill level 6 in Axes
  5615 | D:6      | Reached skill level 5 in Invocations
  5909 | D:7      | Noticed a hornet
  5915 | D:6      | Paralysed by a hornet for 1 turns
  5920 | D:6      | Paralysed by a hornet for 3 turns
  5924 | D:6      | Banished a hornet
  6275 | D:6      | Reached XP level 9. HP: 42/74 MP: 13/13
  6775 | D:7      | Reached skill level 7 in Axes
  6905 | D:7      | Reached skill level 5 in Armour
  6945 | D:7      | Reached **** piety under Lugonu
  7809 | D:8      | Found a snail-covered altar of Cheibriados.
  8118 | D:8      | Got a steaming chain mail
  8129 | D:8      | Identified the +5 chain mail "Kiasch" {rElec rF+ Str+2} (You found it on level 8 of the Dungeon)
  8233 | D:8      | Reached XP level 10. HP: 78/83 MP: 15/15
  8311 | D:8      | Noticed a two-headed ogre
  8322 | D:8      | Killed a two-headed ogre
  8322 | D:8      | Reached skill level 8 in Axes
  8611 | D:8      | Found a radiant altar of Vehumet.
  8612 | D:8      | Found a shadowy altar of Dithmenos.
  8918 | D:9      | Noticed a two-headed ogre
  8918 | D:9      | Reached ***** piety under Lugonu
  8919 | D:9      | Found Ixtaubra's Armour Shop.
  8930 | D:9      | Killed a two-headed ogre
  8966 | D:9      | Reached skill level 9 in Axes
  9259 | D:9      | Found a staircase to the Lair.
  9990 | Lair:1   | Entered Level 1 of the Lair of Beasts
  9994 | Lair:1   | Gained mutation: Your body sometimes deteriorates upon taking damage. [potion of mutation]
  9994 | Lair:1   | Gained mutation: You occasionally shout uncontrollably at your foes. [potion of mutation]
  9994 | Lair:1   | Gained mutation: You are frail. (-10% HP) [potion of mutation]
  9994 | Lair:1   | Gained mutation: You are partially covered in yellow scales. (AC +2) [potion of mutation]
 10004 | Lair:1   | Noticed a spiny frog
 10016 | Lair:1   | Killed a spiny frog
 10016 | Lair:1   | Reached XP level 11. HP: 57/81 MP: 17/17
 10543 | Lair:1   | Noticed a seven-headed hydra
 10544 | Lair:1   | Banished a seven-headed hydra
 10757 | Lair:1   | Noticed an oklob plant
 10762 | Lair:1   | Noticed an oklob plant
 10763 | Lair:1   | Noticed an oklob plant
 10773 | Lair:1   | Killed an oklob plant
 10924 | Lair:1   | Killed an oklob plant
 11660 | Lair:1   | Banished an oklob plant
 11889 | Lair:1   | Reached skill level 10 in Axes
 12143 | Lair:1   | Noticed an oklob plant
 12155 | Lair:1   | Banished an oklob plant
 12441 | Lair:2   | Noticed a seven-headed hydra
 12444 | Lair:2   | Banished a seven-headed hydra
 13324 | Lair:2   | Slain by a komodo dragon

Skill      XL: |  1  2  3  4  5  6  7  8  9 10 11 |
---------------+----------------------------------+-----
Axes           | 2 3 4 5 6 7 9 10 | 10.5
Armour         | 2 3 4 5 6 7 |  7.3
Dodging        | 1 |  1.6
Invocations    | 3 4 5 6 8 9 |  9.4
Fighting       | 4 5 6 7 |  7.3
Shields        | 1 2 3 4 |  4.8
Throwing       | |  0.2

Action                   |  1- 3 |  4- 6 |  7- 9 | 10-12 || total
-------------------------+-------+-------+-------+-------++-------
Melee: Hand axe          |   144 |       |       |       ||   144
       Kick              |    21 |    38 |    88 |   124 ||   271
       War axe           |    22 |   153 |   338 |   409 ||   922
Throw: Javelin           |       |       |       |     5 ||     5
Invok: Depart the Abyss  |     1 |       |       |       ||     1
       Banish            |       |       |     1 |     4 ||     5
Evoke: Box of beasts     |     1 |       |       |       ||     1
       Wand              |       |     1 |       |       ||     1
  Use: Scroll            |    14 |     7 |    11 |     3 ||    35
       Potion            |       |     3 |       |     2 ||     5
  Eat: Chunk             |     2 |     2 |     7 |    10 ||    21
       Bread ration      |       |     1 |       |       ||     1
       Meat ration       |       |       |     1 |     1 ||     2
Armor: Leather armour    |     5 |       |       |       ||     5
       Chain mail        |   123 |   118 |     5 |   320 ||   566
       Scale mail        |     2 |       |       |       ||     2
       Plate armour      |       |    48 |   300 |       ||   348
Dodge: Dodged            |    23 |    19 |     5 |    41 ||    88
Block: Shield            |       |    26 |   181 |   225 ||   432
       Buckler           |       |     7 |       |       ||     7
